 Dungeon Crawl Stone Soup version 0.30-a0-29-g142975f185 (webtiles) character file.

Game seed: 10892676442794975349

305990 soberaf the Impaler (level 21, -27/211 HPs)
             Began as a Merfolk Chaos Knight on Aug 25, 2022.
             Was a Favourite Plaything of Xom.
             Annihilated by an orc warlord
             ... wielding a +0 battleaxe
              (41 damage)
             ... on level 4 of the Vaults on Aug 26, 2022.
             The game lasted 03:50:52 (63416 turns).

soberaf the Impaler (Merfolk Chaos Knight)         Turns: 63416, Time: 03:50:52

Health: -27/211    AC: 14    Str: 27      XL:     21   Next: 15%
Magic:  15/21      EV: 24    Int:  8 (9)  God:    Xom [.*....]
Gold:   1405       SH:  9    Dex: 17      Spells: 7/20 levels left

rFire   + + +      SeeInvis .    b - +6 halberd of Debuk {drain, rN+ Int-5 Stlth+}
rCold   + + +      Faith    .    (shield currently unavailable)
rNeg    + + +      Spirit   .    Y - +0 robe of Wicufun {Rampage rElec rPois rC++}
rPois   +          Reflect  +    (helmet unavailable)
rElec   +          Harm     .    r - +2 cloak {rPois}
rCorr   .          Rampage  +    R - +2 pair of gloves {infuse}
Will    ++...                    (no boots)
Stlth   ++++++++..               f - amulet of reflection
HPRegen 0.45/turn                t - ring of the Lost Mauling Beds {rF+ rN++ Str+4}
MPRegen 0.17/turn                x - ring of protection from fire

@: studying Fighting
A: (nimble swimmer 2), mertail, claws 1, horns 3, iridescent scales 2, large
bone plates 1, agile 1, clever 1, cold resistance 1, fire resistance 1,
strong-willed 1, sense surroundings 1, poison resistance, robust 2, strong 1,
sturdy frame 1
}: 2/15 runes: serpentine, barnacled
a: Renounce Religion


You were on level 4 of the Vaults.
You worshipped Xom.
You were a plaything of Xom.
You visited 8 branches of the dungeon, and saw 36 of its levels.
You visited the Abyss 1 time.
You also visited: Bailey and Wizlab.

You collected 4695 gold pieces.
You spent 3290 gold pieces at shops.

Inventory:

Hand Weapons
 a - a +4 halberd of holy wrath
 b - the +6 halberd of Debuk (weapon) {drain, rN+ Int-5 Stlth+}
   (You took it off a merfolk siren on level 4 of the Shoals)

   A truly terrible weapon, it drains the life of any living foe it strikes.
   Int:       It affects your intelligence (-5).
   rN:        It protects you from negative energy.
   Stlth:     It makes you more stealthy.
Missiles
 i - 2 silver javelins
 y - 7 curare-tipped darts
 A - 4 throwing nets
 B - 14 javelins
 L - 11 boomerangs of dispersal
 M - 51 boomerangs (quivered)
 Q - a datura-tipped dart
 T - 22 atropa-tipped darts
Armour
 r - a +2 cloak of poison resistance (worn)
 R - a +2 pair of gloves of infusion (worn)
 Y - the +0 robe of Wicufun (worn) {Rampage rElec rPois rC++}
   (You found it on level 14 of the Dungeon)

   rC:        It greatly protects you from cold.
   rElec:     It insulates you from electricity.
   rPois:     It protects you from poison.
   Rampage:   It bestows one free step when moving towards enemies.
Jewellery
 f - an amulet of reflection (around neck)
 j - a ring of resist corrosion
 t - the ring of the Lost Mauling Beds (left hand) {rF+ rN++ Str+4}
   (You found it in a wizard's laboratory)

   [ring of protection from fire]

   Str:       It affects your strength (+4).
   rF:        It protects you from fire.
   rN:        It greatly protects you from negative energy.
 x - a ring of protection from fire (right hand)
 C - a ring of protection from cold
 U - a ring of positive energy
Wands
 o - a wand of mindburst (16)
 J - a wand of paralysis (34)
 K - a wand of acid (21)
 S - a wand of digging (7)
 V - a wand of flame (54)
 X - a wand of roots (23)
Scrolls
 e - 4 scrolls of fear
 n - 3 scrolls of summoning
 p - 4 scrolls of silence
 q - 16 scrolls of teleportation
 s - 5 scrolls of butterflies
 F - 6 scrolls of magic mapping
 G - 11 scrolls of blinking
 P - 5 scrolls of poison
 Z - 6 scrolls of immolation
Potions
 d - 6 potions of resistance
 g - 10 potions of attraction
 h - 5 potions of mutation
 l - a potion of ambrosia
 m - 5 potions of cancellation
 u - 9 potions of haste
 v - 13 potions of curing
 w - 9 potions of flight
 D - a potion of magic
 H - 5 potions of might
 N - 2 potions of heal wounds
Miscellaneous
 c - a phantom mirror
 k - a box of beasts
 z - a tin of tremorstones (2/2)
 E - a condenser vane (inert)
 O - a lightning rod (inert)


   Skills:
 + Level 17.8 Fighting
 - Level 20.0 Polearms
 - Level 13.8 Throwing
 - Level 12.0 Armour
 - Level 20.0 Dodging
 - Level 17.9 Stealth
 - Level 10.0 Translocations
 - Level 6.2 Air Magic
 - Level 13.1 Evocations


You had 7 spell levels left.
You knew the following spells:

 Your Spells              Type           Power      Damage    Failure   Level
a - Swiftness             Air            9%         N/A       11%         3
b - Blink                 Tloc           32%        N/A       1%          2
c - Lesser Beckoning      Tloc           16%        N/A       2%          3
d - Manifold Assault      Tloc           16%        N/A       21%         5

Your spell library contained the following spells:

 Spells                   Type           Power      Damage    Failure   Level
 Apportation              Tloc           32%        N/A       1%          1
 Gell's Gravitas          Tloc           16%        N/A       2%          3
 Teleport Other           Tloc           16%        N/A       2%          3
 Shock                    Conj/Air       16%        1d4       12%         1
 Static Discharge         Conj/Air       8%         3-4/arc   19%         2
 Airstrike                Air            4%         2d(1-17)  34%         4
 Beastly Appendage        Tmut           0%         N/A       41%         1
 Freeze                   Ice            0%         1d3       41%         1
 Magic Dart               Conj           0%         1d3       41%         1
 Sandblast                Erth           0%         2d4       41%         1
 Summon Small Mammal      Summ           0%         N/A       41%         1
 Mephitic Cloud           Conj/Pois/Air  3%         N/A       50%         3
 Call Imp                 Summ           0%         N/A       54%         2
 Scorch                   Fire           0%         2d5       54%         2
 Wereblood                Tmut           0%         N/A       54%         2
 Dispersal                Tloc           8%         N/A       73%         6
 Summon Lightning Spire   Summ/Air       4%         N/A       77%         4
 Call Canine Familiar     Summ           0%         N/A       78%         3
 Dazzling Flash           Conj/Hex       0%         N/A       78%         3
 Frozen Ramparts          Ice            0%         1d1       78%         3
 Ozocubu's Armour         Ice            0%         N/A       78%         3
 Spider Form              Tmut/Pois      0%         N/A       78%         3
 Summon Guardian Golem    Hex/Summ       0%         N/A       78%         3
 Tukima's Dance           Hex            0%         N/A       78%         3
 Lightning Bolt           Conj/Air       2%         1d13      98%         5
 Silence                  Hex/Air        2%         N/A       98%         5
 Animate Dead             Necr           0%         N/A       99%         4
 Flame Wave               Conj/Fire      0%         2d4       99%         4
 Hailstorm                Conj/Ice       0%         3d3       99%         4
 Leda's Liquefaction      Hex/Erth       0%         N/A       99%         4
 Petrify                  Tmut/Erth      0%         N/A       99%         4
 Agony                    Necr           0%         N/A       100%        5
 Alistair's Intoxication  Tmut/Pois      0%         N/A       100%        5
 Blade Hands              Tmut           0%         N/A       100%        5
 Borgnjor's Vile Clutch   Necr/Erth      0%         N/A       100%        5
 Irradiate                Conj/Tmut      0%         3d11      100%        5
 Death Channel            Necr           0%         N/A       100%        6
 Iron Shot                Conj/Erth      0%         9d1       100%        6
 Summon Cactus Giant      Summ           0%         N/A       100%        6
 Dragon Form              Tmut           0%         N/A       100%        7
 Malign Gateway           Summ/Tloc      4%         N/A       100%        7
 Ozocubu's Refrigeration  Ice            0%         4d7       100%        7
 Storm Form               Tmut/Air       2%         N/A       100%        7
 Maxwell's Capacitive Co  Air            4%         ∞         100%        8


Dungeon Overview and Level Annotations

Branches:
Dungeon (15/15)            Temple (1/1) D:7            Lair (5/5) D:8
 Shoals (4/4) Lair:3        Snake (4/4) Lair:3        Slime (0/5) Lair:5
    Orc (2/2) D:10            Elf (0/3) Orc:2        Vaults (4/5) D:14
  Crypt (0/3) Vaults:3     Depths (1/4) D:15         Bailey (visited)
 WizLab (visited)

Altars:
Ashenzari
Cheibriados
Dithmenos
Elyvilon
Fedhas
Gozag
Hepliaklqana
Kikubaaqudgha
Makhleb
Nemelex Xobeh
Okawaru
Qazlal
Ru
Sif Muna
Trog
Uskayaw
Vehumet
Wu Jian
Xom
Yredelemnul
Zin
The Shining One
Jiyva

Shops:
D:3 [=?   D:6 !   Orc:2 [=:?=:=   Shoals:2 (   Shoals:3 [(**   Snake:1 ::=
Vaults:2 (   Vaults:4 ?

Portals:
Hell: Lair:5

Annotations:
D:2 1 runed translucent door, Crazy Yiuf
Snake:2 Roxanne


Innate Abilities, Weirdness & Mutations

((You are very nimble when in or above water. (Stealth+, EV+, Speed+++)))
Your lower body shifts to a powerful aquatic tail in water.
You have sharp fingernails.
You have a pair of large horns on your head.
You are mostly covered in iridescent scales. (AC +4)
You are partially covered in large bone plates. (SH +4)
You are agile. (Dex +4, Str/Int -1)
Your mind is acute. (Int +4, Str/Dex -1)
Your flesh is cold resistant. (rC+)
Your flesh is heat resistant. (rF+)
You are strong-willed. (Will+)
You passively map a small area around you.
Your system is resistant to poisons. (rPois)
You are very robust. (+20% HP)
Your muscles are strong. (Str +4, Int/Dex -1)
Your movements are slightly less encumbered by armour. (ER -2)


Message History

The orc knight is almost dead.
The thunderbolt hits the orc knight!
You kill the orc knight!
The thunderbolt hits the rust devil.
The rust devil resists.
The rust devil is lightly wounded.
The orc high priest is engulfed in poison gas.
The orc high priest looks as sick as possible!
The orc warlord is engulfed in poison gas.
The orc warlord looks as sick as possible!
The orc warlord closely misses you.
The orc knight looks as sick as possible!
The hellwing completely misses you. You block the hellwing's attack.
The neqoxec gestures at you.
You feel dopey. Something feeds on your intellect!
Unknown command.
Aiming: Thunderbolt
Press: ? - help, Shift-Dir - straight line The thunderbolt hits the hellwing!!
The hellwing is severely wounded.
The thunderbolt hits the rust devil.
The rust devil resists.
The rust devil is moderately wounded.
The thunderbolt hits the neqoxec!!
You kill the neqoxec!
The neqoxec disappears in a puff of smoke!
The thunderbolt hits the orc warlord!!
The orc warlord is almost dead.
The thunderbolt hits the orc knight.
You kill the orc knight!
The thunderbolt hits the orc high priest!!
You kill the orc high priest!
The hellwing disappears in a puff of smoke!
The rust devil disappears in a puff of smoke! x2
The lightning rod overheats! "Serve the mortal, my child!"
The orc warlord is engulfed in poison gas.
The orc warlord looks as sick as possible!
The orc warlord hits you with a +0 battleaxe!!!
You die...
Xom guffaws!

#....))##. * #.#..#.###
*######### #...)..# # ........#
#####)..#
........#############...')).#
*....o.o.#...........#.#.')..#
##.$..o..o#.5..#.#....#..)#####
.#....oooo#..35###....#......#
.#..$.o$oo#.oo.#@#....'......#
.#....o.$o§o###oo5###.#......#
.#.....o..#..#§§§§§#..#...####
.##########.###§§.###.#.#.'...#
.# #...§#§#....#...'...# .#
#..§§###.)..#####...# ##
#..§§#.#....# ,, ...# #
#...........# .#.# #
####'########## , .#


You could see an orc warlord (strong, extremely poisoned, drained, ally target),
an orc knight (strong) and a friendly iron imp (summoned).

Vanquished Creatures
  2 dread liches
  Vashnia (Snake:2)
  Jorgrun (D:14)
  Asterion (Snake:2)
  Gastronok (D:8)
  A tentacled starspawn (Abyss:3)
  2 krakens (Shoals:4)
  5 sphinxes
  Polyphemus (Shoals:2)
  7 nagarajas
  Donald (Orc:2)
  Louise (D:14)
  13 vault wardens
  11 ironbound preservers
  7 very ugly things
  A stone giant (D:15)
  10 ironbound thunderhulks
  An entropy weaver (Vaults:3)
  A starcursed mass (Abyss:3)
  A yellow draconian (Abyss:3)
  5 dire elephants
  2 merfolk javelineers
  A green death (Abyss:3)
  An ettin (Orc:1)
  5 mummy priests (WizLab)
  5 merfolk impalers
  5 yaktaur captains
  Fannar (D:12)
  6 great orbs of eyes
  6 salamander tyrants
  3 boulder beetles
  An ice dragon (Snake:2)
  6 vault guards
  Erolcha (D:12)
  13 hydras
  7 ironbound frosthearts
  An alligator snapping turtle (Shoals:2)
  2 catoblepae
  10 naga warriors
  A merfolk avatar (Shoals:4)
  3 two-headed ogres
  4 anacondas
  9 satyrs
  2 merfolk aquamancers
  18 centaur warriors
  Erica (Lair:2)
  A deep troll shaman (Depths:1)
  2 death yaks (Shoals:2)
  3 orc high priests
  A death knight (Vaults:3)
  4 tengu warriors
  7 shock serpents
  12 naga sharpshooters
  A sun demon (Lair:5)
  Amaemon (Lair:1)
  A hell knight (Abyss:3)
  A fire crab (shapeshifter) (D:11)
  An iron troll (Depths:1)
  A sixfirhy (Abyss:3)
  9 salamander mystics
  A spark wasp zombie (WizLab)
  A spatial maelstrom (Abyss:3)
  28 deep trolls
  11 sea snakes
  6 wizards
  2 tengu zombies
  12 ironbound convokers
  10 orc knights
  8 naga ritualists (Snake:4)
  2 sphinx zombies
  2 lindwurms (Vaults:3)
  2 deep elf pyromancers
  11 harpies
  A phantasmal warrior (Vaults:3)
  2 necromancers
  An obsidian statue (Vaults:2)
  23 ugly things
  3 cyclopes
  9 mana vipers
  22 manticores
  A will-o-the-wisp (Abyss:3)
  2 frost giant zombies (WizLab)
  37 slime creatures
  7 fauns
  22 salamanders
  An orc sorcerer (Orc:1)
  A worldbinder (Abyss:3)
  27 black mambas
  6 merfolk sirens
  12 elephants
  11 naga magi
  4 guardian serpents
  An orange demon (Lair:1)
  11 cane toads
  5 centaur zombies (D:10)
  15 vault sentinels
  8 water nymphs
  A cane toad (shapeshifter) (D:15)
  An unseen horror (D:11)
  2 smoke demons
  A torpor snail (Lair:3)
  Maggie (D:7)
  3 spriggan zombies (WizLab)
  A freezing wraith (Vaults:1)
  35 yaktaurs
  3 kobold demonologists
  A tengu conjurer (Depths:1)
  5 komodo dragons
  A komodo dragon (shapeshifter) (D:15)
  A rime drake (shapeshifter) (Vaults:1)
  5 rime drakes (Lair:5)
  2 efreet (D:15)
  An ancient zyme (Abyss:3)
  2 red devils (Lair:5)
  3 ice devils (Lair:5)
  24 merfolk
  A human skeleton (Vaults:4)
  2 guardian mummies (WizLab)
  5 wind drakes
  4 polar bears
  7 trolls
  2 hornets
  A blink frog (shapeshifter) (D:13)
  7 blink frogs (Lair:5)
  11 snapping turtles
  Prince Ribbit (D:6)
  7 dream sheep (Lair:5)
  2 raiju (Abyss:3)
  3 flying skulls (Abyss:3)
  A shadow (Abyss:3)
  Sigmund (D:6)
  A stone giant simulacrum (Abyss:3)
  A vampire (D:10)
  A ynoxinul (Abyss:3)
  A shapeshifter (Abyss:3)
  12 water elementals
  2 wraiths
  A centaur simulacrum (D:15)
  21 yaks
  3 basilisks
  6 wyverns
  2 fire elementals (Orc:2)
  2 large abominations
  A neqoxec (Abyss:3)
  A steam dragon (D:6)
  2 redbacks (Vaults:3)
  10 vampire mosquitoes
  Menkaure (D:6)
  A glowing shapeshifter zombie (WizLab)
  6 wargs
  4 acid dragons
  39 nagas
  A small abomination (Abyss:3)
  10 water moccasins
  47 orc warriors
  6 hell hounds
  Duvessa (D:7)
  A sky beast (D:7)
  2 ice beasts
  2 black bears
  A black bear (shapeshifter) (Orc:1)
  2 wolves (Lair:4)
  26 centaurs
  2 ogres
  10 boggarts
  A phantom (D:5)
  10 bullfrogs
  6 kobold brigands
  6 necrophages
  4 scorpions
  30 wights
  Dowan (D:7)
  12 killer bees
  2 vampire bats (Lair:3)
  6 electric eels
  A howler monkey (D:7)
  2 hounds (D:5)
  2 gnoll boudas
  20 orc priests
  3 iguanas
  3 human zombies
  An iron imp (Abyss:3)
  23 orc wizards
  A boggart simulacrum (D:15)
  A howler monkey zombie (D:10)
  11 gnolls
  10 adders
  A river rat (D:7)
  A white imp (Abyss:3)
  2 ufetubi
  3 worms
  4 dart slugs
  128 orcs
  3 endoplasms
  3 giant cockroaches
  14 goblins
  16 hobgoblins
  2 jackals (D:5)
  3 quokkas
  4 ball pythons
  10 bats
  2 frilled lizards (D:1)
  39 kobolds
  4 rats
  6 tentacles (Shoals:4)
1339 creatures vanquished.

Vanquished Creatures (collateral kills)
  A vault warden (Vaults:1)
  A reaper (Vaults:1)
  An ironbound thunderhulk (Vaults:1)
  Azrael (Orc:2)
  A merfolk impaler (Shoals:4)
  A hydra (Lair:5)
  A tengu warrior (D:15)
  3 fauns
  A black mamba (Snake:4)
  A water nymph (Shoals:3)
  A rime drake (Lair:5)
  A yaktaur (Vaults:1)
  2 merfolk
  A human skeleton (Vaults:4)
  A polar bear (Lair:5)
  2 yaks
  A naga (Snake:4)
  An oklob sapling (D:7)
  2 gnolls (D:6)
  2 hobgoblins
  2 kobolds
28 creatures vanquished.

Vanquished Creatures (others)
  A merfolk aquamancer (Shoals:1)
  2 dancing weapons
  A wizard (Vaults:1)
  A faun (Shoals:3)
  A manticore (Shoals:4)
  An orc warrior (Orc:2)
  A hell hound (Orc:2)
  A centaur (Orc:2)
  An orc wizard (D:14)
  An adder zombie (D:2)
  An orc (Orc:2)
  A kobold (D:2)
  A bush (Lair:5)
  40 fungi
  166 plants
  2 starspawn tentacles (Abyss:3)
  6 tentacles (Shoals:4)
228 creatures vanquished.

Grand Total: 1595 creatures vanquished

Notes
Turn   | Place    | Note
-------+----------+-------------------------------------------
     0 | D:1      | soberaf the Merfolk Chaos Knight began the quest for the
                  | Orb.
     0 | D:1      | Reached XP level 1. HP: 18/18 MP: 1/1
   109 | D:1      | XOM: potion effect (invisibility)
   236 | D:1      | XOM: silly message
   271 | D:1      | Reached XP level 2. HP: 24/24 MP: 2/2
   530 | D:1      | Reached XP level 3. HP: 27/30 MP: 3/3
   643 | D:1      | XOM: silly message
   660 | D:1      | XOM: god gift: brown potion {god gift}
   704 | D:2      | XOM: silly message
   710 | D:2      | XOM: silly message
   892 | D:2      | XOM: potion effect (invisibility)
   893 | D:2      | Reached skill level 5 in Polearms
  1002 | D:2      | XOM: noise
  1048 | D:2      | Reached XP level 4. HP: 38/38 MP: 4/4
  1082 | D:2      | Found a runed translucent door.
  1083 | D:2      | Noticed Crazy Yiuf
  1157 | D:2      | XOM: summons 3 hostile demons
  1623 | D:2      | Found a faded altar of an unknown god.
  1812 | D:3      | Found Aghy's Jewellery Boutique.
  1852 | D:3      | Found Zedufem's Armour Shoppe.
  1859 | D:3      | Bought a +1 cloak of poison resistance for 189 gold pieces
  1876 | D:3      | XOM: summons 2 hostile shadow creatures
  1937 | D:3      | Noticed a scorpion
  1943 | D:3      | XOM: scenery: create altars
  1948 | D:3      | Killed a scorpion
  1949 | D:3      | Reached skill level 5 in Fighting
  1949 | D:3      | Reached XP level 5. HP: 41/44 MP: 5/5
  2150 | D:3      | XOM: 2-stop teleportation journey
  2293 | D:3      | XOM: silly message
  2631 | D:3      | Found Evvummir's Magic Scroll Shoppe.
  2801 | D:3      | XOM: stat loss: -1 Str (13/14)
  2884 | D:3      | XOM: summons 3 hostile demons
  2885 | D:3      | Noticed a red devil
  2895 | D:3      | Noticed a hellwing
  2895 | D:3      | a red devil changed into a hellwing
  2895 | D:3      | XOM: polymorph red devil -> hellwing
  2916 | D:2      | XOM: give mutations
  2916 | D:2      | Gained mutation: You are weak. (Str -2) [Xom's mischief]
  2916 | D:2      | Gained mutation: Armour fits poorly on your strangely
                  | shaped body. [Xom's mischief]
  2916 | D:2      | Gained mutation: Your body sometimes deteriorates upon
                  | taking damage. [Xom's mischief]
  2916 | D:2      | Gained mutation: You occasionally shout uncontrollably at
                  | your foes. [Xom's mischief]
  3009 | D:4      | Noticed a black bear
  3018 | D:4      | XOM: draining
  3034 | D:4      | XOM: destruction
  3039 | D:4      | Killed a black bear
  3278 | D:4      | Reached XP level 6. HP: 25/47 MP: 6/6
  3600 | D:4      | Found a bloodstained altar of Trog.
  3875 | D:3      | Bought a scroll of blinking for 82 gold pieces
  3899 | D:5      | Entered Level 5 of the Dungeon
  4036 | D:5      | Noticed an ice beast
  4162 | D:5      | XOM: confusion
  4456 | D:5      | Reached XP level 7. HP: 48/56 MP: 7/7
  4597 | D:4      | XOM: summons 4 hostile shadow creatures
  4662 | D:4      | XOM: summons 4 hostile demons
  4663 | D:4      | Noticed a chaos spawn
  4970 | D:5      | Reached skill level 5 in Dodging
  5082 | D:5      | XOM: swap monsters
  5117 | D:5      | Reached XP level 8. HP: 56/62 MP: 8/8
  5329 | D:5      | XOM: cleaving
  5724 | D:6      | XOM: 2-stop teleportation journey
  5782 | D:6      | XOM: blink monster(s)
  5806 | D:6      | XOM: confusion (+ monsters)
  5860 | D:6      | Found Ankodwin's Distillery.
  5866 | D:6      | Noticed Prince Ribbit
  5868 | D:6      | XOM: fog
  5882 | D:6      | Killed Prince Ribbit
  5971 | D:6      | XOM: confusion
  5992 | D:6      | Reached XP level 9. HP: 50/71 MP: 9/9
  6009 | D:6      | Noticed Sigmund
  6060 | D:6      | XOM: confuse monster(s)
  6339 | D:6      | XOM: cast spell 'Monstrous Menagerie'
  6377 | D:6      | Noticed Menkaure
  6384 | D:6      | Killed Menkaure
  6645 | D:6      | XOM: summons 1 hostile demon
  6765 | D:6      | XOM: 3-stop teleportation journey
  6944 | D:6      | XOM: summons 1 hostile demon
  6985 | D:6      | XOM: stat loss: -1 Str (13/14)
  7070 | D:6      | XOM: swap monsters
  7080 | D:6      | Paralysed by Sigmund for 4 turns
  7085 | D:6      | Killed Sigmund
  7190 | D:7      | Noticed Maggie
  7310 | D:3      | Bought a scroll of summoning for 104 gold pieces
  7310 | D:3      | Bought a scroll of noise for 11 gold pieces
  7538 | D:7      | Found a staircase to the Ecumenical Temple.
  7584 | D:7      | XOM: polymorph kobold -> river rat
  7585 | D:7      | Reached skill level 5 in Throwing
  7829 | D:8      | Found a flagged portal.
  7836 | D:8      | Learned a level 3 spell: Swiftness
  7841 | Bailey   | Entered a bailey
  7909 | Bailey   | Noticed an orc warlord
  7926 | Bailey   | Reached skill level 1 in Evocations
  7935 | Bailey   | XOM: give mutations
  7935 | Bailey   | Gained mutation: You occasionally lose the ability to read
                  | scrolls when taking damage. [Xom's mischief]
  7935 | Bailey   | Gained mutation: Your skin changes colour to match your
                  | surroundings (Stealth+). [Xom's mischief]
  7982 | Bailey   | XOM: give mutations
  7982 | Bailey   | Gained mutation: You are dopey. (Int -2) [Xom's mischief]
  7982 | Bailey   | Gained mutation: You are robust. (+10% HP) [Xom's mischief]
  8124 | Bailey   | XOM: noise
  8175 | Bailey   | Found a runed translucent gate.
  8177 | Bailey   | Found a runed translucent gate.
  8182 | Bailey   | XOM: god gift: lightning rod (4/4)
  8209 | Bailey   | XOM: polymorph orc warrior -> scorpion
  8345 | Bailey   | Noticed an orc knight
  8355 | Bailey   | Killed an orc knight
  8356 | Bailey   | Reached skill level 5 in Evocations
  8356 | Bailey   | Reached XP level 10. HP: 90/90 MP: 10/10
  8372 | Bailey   | Found a runed translucent gate.
  8406 | Bailey   | XOM: fake destruction
  8414 | Bailey   | XOM: enchant monster (good)
  8546 | D:7      | Acquired a manual of Fighting
  8650 | D:3      | Bought 2 scrolls of identify for 44 gold pieces
  8650 | D:3      | Bought a scroll of poison for 44 gold pieces
  8650 | D:3      | XOM: silly message
  8926 | D:8      | Noticed Gastronok
  8947 | D:8      | Reached skill level 1 in Armour
  9116 | D:8      | XOM: cloud trail
  9146 | D:8      | XOM: potion effect (haste)
  9181 | D:8      | Found a radiant altar of Vehumet.
  9181 | D:8      | Found a shimmering altar of Xom.
  9258 | D:8      | XOM: cleaving
  9302 | D:8      | Noticed an elephant
  9310 | D:8      | XOM: scenery: summon butterflies
  9316 | D:8      | Killed an elephant
  9337 | D:8      | Noticed an elephant
  9338 | D:8      | XOM: summons friendly shadow imp
  9348 | D:8      | XOM: fog
  9349 | D:8      | XOM: summons 3 friendly demons
  9352 | D:8      | Killed an elephant
 10017 | D:8      | XOM: scenery: create altars
 10180 | D:8      | Noticed an elephant
 10183 | D:8      | XOM: confuse monster(s)
 10190 | D:8      | Killed an elephant
 10243 | D:9      | Found a sparkling altar of Nemelex Xobeh.
 10243 | D:9      | XOM: 9-stop teleportation journey
 10251 | D:9      | Reached skill level 5 in Armour
 10393 | D:9      | XOM: scenery: create altars
 10595 | D:9      | XOM: confuse monster(s)
 10685 | D:9      | XOM: give mutation
 10685 | D:9      | Lost mutation: You occasionally lose the ability to read
                  | scrolls when taking damage. [Xom's mischief]
 11089 | D:10     | Entered Level 10 of the Dungeon
 11145 | D:10     | Reached XP level 11. HP: 95/95 MP: 9/11
 11237 | D:10     | Reached skill level 10 in Fighting
 11439 | D:10     | XOM: noise
 11480 | D:10     | Found a staircase to the Orcish Mines.
 11676 | D:10     | XOM: smoke on damage
 11928 | D:10     | XOM: scenery: 1 doors close
 12240 | D:10     | Found a shimmering blue altar of Sif Muna.
 12314 | D:10     | Found an opulent altar of Gozag.
 12415 | D:10     | XOM: noise
 12610 | D:10     | Found a basalt altar of Yredelemnul.
 12961 | D:6      | XOM: noise
 13037 | D:3      | Bought a scroll of identify for 22 gold pieces
 13037 | D:3      | Bought a scroll of silence for 104 gold pieces
 13037 | D:3      | Bought a scroll of immolation for 44 gold pieces
 13037 | D:3      | Bought a scroll of identify for 22 gold pieces
 13166 | D:3      | XOM: stat loss: -1 Str (13/14)
 13296 | D:6      | Bought a potion of lignification for 42 gold pieces
 13296 | D:6      | Bought a potion of degeneration for 14 gold pieces
 13334 | D:7      | Killed Maggie
 13378 | D:7      | XOM: summons 2 friendly demons
 13398 | Temple   | Entered the Ecumenical Temple
 13489 | D:7      | Noticed Dowan
 13490 | D:7      | Noticed Duvessa
 13500 | D:7      | Killed Duvessa
 13509 | D:7      | Killed Dowan
 13638 | D:7      | XOM: polymorph kobold brigand -> bullfrog
 14101 | D:8      | XOM: summons 2 hostile shadow creatures
 14298 | D:8      | XOM: enchant monster (good)
 14302 | D:8      | Killed Gastronok
 14303 | D:8      | Reached skill level 15 in Fighting
 14404 | D:8      | XOM: scenery: 2 doors open
 14637 | D:8      | XOM: give mutations
 14637 | D:8      | Lost mutation: Your body sometimes deteriorates upon taking
                  | damage. [Xom's mischief]
 14637 | D:8      | Gained mutation: You are agile. (Dex +4, Str/Int -1) [Xom's
                  | mischief]
 14637 | D:8      | Lost mutation: You occasionally shout uncontrollably at
                  | your foes. [Xom's mischief]
 14637 | D:8      | Gained mutation: You are covered in fur. (AC +1) [Xom's
                  | mischief]
 14644 | D:8      | Found a staircase to the Lair.
 14653 | D:8      | XOM: fog
 15009 | Lair:1   | Entered Level 1 of the Lair of Beasts
 15041 | Lair:1   | Noticed Amaemon
 15045 | Lair:1   | XOM: snakes to sticks
 15057 | Lair:1   | Killed Amaemon
 15058 | Lair:1   | Reached skill level 10 in Polearms
 15058 | Lair:1   | Reached XP level 12. HP: 103/121 MP: 2/12
 15081 | Lair:1   | XOM: 1-stop teleportation journey
 15242 | Lair:1   | Noticed an eight-headed hydra
 15251 | Lair:1   | XOM: 3-stop teleportation journey
 15471 | Lair:1   | XOM: cleaving
 15477 | Lair:1   | XOM: polymorph yak -> polar bear
 15484 | Lair:1   | XOM: summons 12 friendly demons
 15846 | Lair:1   | Killed an eight-headed hydra
 15926 | Lair:1   | XOM: god gift: box of beasts
 16378 | Lair:2   | Noticed Erica
 16726 | Lair:2   | Killed Erica
 16944 | Lair:2   | XOM: cloud trail
 16956 | Lair:2   | XOM is BORED!
 17067 | Lair:3   | Learned a level 2 spell: Blink
 17159 | Lair:3   | Found a staircase to the Shoals.
 17164 | Lair:3   | XOM: give mutation
 17164 | Lair:3   | Gained mutation: Your flesh is cold resistant. (rC+) [Xom's
                  | grace]
 17296 | Lair:3   | XOM: divination: detect items
 17471 | Lair:3   | Reached skill level 1 in Air Magic
 17487 | Lair:3   | Found a staircase to the Snake Pit.
 17899 | Lair:3   | Reached skill level 1 in Translocations
 17937 | Lair:3   | XOM: give mutations
 17937 | Lair:3   | Gained mutation: Your flesh is very cold resistant. (rC++)
                  | [Xom's grace]
 17937 | Lair:3   | Gained mutation: You have a pair of small horns on your
                  | head. [Xom's grace]
 17937 | Lair:3   | Gained mutation: You have a pair of horns on your head.
                  | [Xom's grace]
 17937 | Lair:3   | Gained mutation: You expend magic power (3 MP) to
                  | strengthen your wands. [Xom's grace]
 18047 | Lair:3   | XOM: scenery: create altars
 18146 | Lair:3   | XOM is BORED!
 18146 | Lair:3   | XOM: give mutations
 18146 | Lair:3   | Gained mutation: You are very weak. (Str -4) [Xom's
                  | mischief]
 18146 | Lair:3   | Lost mutation: You are agile. (Dex +4, Str/Int -1) [Xom's
                  | mischief]
 18146 | Lair:3   | Lost mutation: Your flesh is very cold resistant. (rC++)
                  | [Xom's mischief]
 18146 | Lair:3   | Lost mutation: Your skin changes colour to match your
                  | surroundings (Stealth+). [Xom's mischief]
 18176 | Lair:3   | XOM: potion effect (haste)
 18325 | Lair:3   | Noticed a boulder beetle
 18332 | Lair:3   | XOM: noise
 18340 | Lair:3   | Killed a boulder beetle
 18346 | Lair:3   | Reached XP level 13. HP: 35/127 MP: 6/13
 18488 | Lair:2   | XOM: cloud trail
 18805 | Lair:3   | XOM: give mutations
 18805 | Lair:3   | Lost mutation: You expend magic power (3 MP) to strengthen
                  | your wands. [Xom's mischief]
 18805 | Lair:3   | Gained mutation: You are agile. (Dex +4, Str/Int -1) [Xom's
                  | mischief]
 18805 | Lair:3   | Gained mutation: You occasionally lose the ability to read
                  | scrolls when taking damage. [Xom's mischief]
 19068 | Lair:3   | XOM: give mutations
 19068 | Lair:3   | Gained mutation: Your system is resistant to poisons.
                  | (rPois) [Xom's grace]
 19068 | Lair:3   | Gained mutation: You have hidden genetic potential. [Xom's
                  | grace]
 19211 | Lair:4   | XOM: polymorph wolf -> killer bee
 19237 | Lair:4   | XOM: summons 1 hostile shadow creature
 19292 | Lair:4   | XOM: summons 2 hostile demons
 19428 | Lair:4   | XOM: 1-stop teleportation journey
 19491 | Lair:4   | XOM: noise
 19699 | Lair:4   | XOM: summons 2 hostile shadow creatures
 20333 | Lair:5   | Entered Level 5 of the Lair of Beasts
 20336 | Lair:5   | XOM: divination: detect items
 20337 | Lair:5   | XOM: repel stairs
 20345 | Lair:5   | XOM: blink monster(s)
 20348 | Lair:5   | XOM: cast spell 'Alistair's Intoxication'
 20355 | Lair:5   | XOM: summons friendly iron imp
 20369 | Lair:5   | Reached skill level 10 in Dodging
 20441 | Lair:5   | XOM: summons friendly iron imp
 20453 | Lair:5   | XOM: confuse monster(s)
 20724 | Lair:5   | XOM: scenery: summon butterflies
 20850 | Lair:5   | XOM: god gift: scroll of teleportation
 21058 | Lair:4   | XOM: divination: detect items
 21060 | Lair:4   | XOM: give mutations
 21060 | Lair:4   | Gained mutation: Your movements are slightly less
                  | encumbered by armour. (ER -2) [Xom's grace]
 21060 | Lair:4   | Gained mutation: You expend magic power (3 MP) to
                  | strengthen your wands. [Xom's grace]
 21060 | Lair:4   | Gained mutation: You are very robust. (+20% HP) [Xom's
                  | grace]
 21060 | Lair:4   | Lost mutation: You are very weak. (Str -4) [Xom's grace]
 21311 | Lair:5   | XOM: cast spell 'Cause Fear'
 21392 | Lair:5   | XOM: cleaving
 21482 | Lair:5   | XOM: cast spell 'Summon Hydra'
 21497 | Lair:5   | Reached skill level 5 in Air Magic
 21699 | Lair:5   | XOM: give mutations
 21699 | Lair:5   | Gained mutation: You are strong-willed. (Will+) [Xom's
                  | grace]
 21699 | Lair:5   | Gained mutation: Your spells are a little harder to cast,
                  | but a little more powerful. [Xom's grace]
 21699 | Lair:5   | Gained mutation: You possess an exceptional clarity of
                  | mind. [Xom's grace]
 21699 | Lair:5   | Gained mutation: You are partially covered in large bone
                  | plates. (SH +4) [Xom's grace]
 21745 | Lair:5   | Found a staircase to the Slime Pits.
 21801 | Lair:5   | Found a viscous altar of Jiyva.
 21870 | Lair:5   | XOM: chaos cloud
 21875 | Lair:5   | XOM: polymorph rime drake -> yak
 21876 | Lair:5   | XOM: summons friendly white imp
 21887 | Lair:5   | Reached XP level 14. HP: 71/147 MP: 3/14
 22129 | Lair:5   | XOM: give mutations
 22129 | Lair:5   | Gained mutation: You passively map a small area around you.
                  | [Xom's grace]
 22129 | Lair:5   | Gained mutation: Your flesh is very cold resistant. (rC++)
                  | [Xom's grace]
 22129 | Lair:5   | Lost mutation: You are weak. (Str -2) [Xom's grace]
 22129 | Lair:5   | Gained mutation: You have a somewhat thin skeletal
                  | structure. (Dex +2, Stealth+) [Xom's grace]
 22344 | Lair:5   | XOM: cleaving
 22347 | Lair:5   | XOM: divination: detect items
 22361 | Lair:5   | Lost mutation: You are dopey. (Int -2) [hidden potential]
 22403 | Lair:5   | XOM: 1-stop teleportation journey
 22771 | Lair:5   | XOM: give mutations
 22771 | Lair:5   | Gained mutation: Your mind is acute. (Int +4, Str/Dex -1)
                  | [Xom's grace]
 22771 | Lair:5   | Gained mutation: You have a beak for a mouth. [Xom's grace]
 22793 | Lair:5   | XOM: cloud trail
 22967 | Lair:5   | Found a burning altar of Makhleb.
 23058 | Lair:5   | XOM: summons 6 friendly demons
 23062 | Lair:5   | XOM: scenery: 2 doors close
 23377 | Lair:5   | Found a gateway to Hell.
 23470 | Lair:3   | XOM: god gift: wand of paralysis (7)
 23597 | Orc:1    | Entered Level 1 of the Orcish Mines
 23907 | Orc:1    | XOM: god gift: 17 gold pieces
 24138 | Orc:1    | XOM: potion effect (heal wounds)
 24143 | Orc:1    | XOM: potion effect (curing)
 24151 | Orc:1    | XOM: polymorph orc warrior -> shapeshifter
 24782 | Orc:2    | Entered Level 2 of the Orcish Mines
 24827 | Orc:2    | Noticed Donald
 24830 | Orc:2    | XOM: summons 3 friendly demons
 24831 | Orc:2    | XOM: enchant monster (good)
 24838 | Orc:2    | Killed Donald
 25014 | Orc:2    | Found Tuwnahe's Book Boutique.
 25182 | Orc:2    | XOM: fake destruction
 25392 | Orc:2    | XOM: divination: detect creatures
 25638 | Orc:2    | XOM: scenery: summon butterflies
 25644 | Orc:2    | XOM: confuse monster(s)
 25689 | Orc:2    | XOM: give mutation
 25689 | Orc:2    | Lost mutation: You are agile. (Dex +4, Str/Int -1) [Xom's
                  | mischief]
 25747 | Orc:2    | XOM: silly message
 25898 | Orc:2    | Found Wujienu's Armour Boutique.
 25989 | Orc:2    | Noticed Azrael
 25999 | Orc:2    | Killed Azrael
 26288 | Orc:2    | Reached skill level 10 in Evocations
 26560 | Orc:2    | XOM: god gift: robe {god gift}
 26593 | Orc:2    | Found Ceom's Book Boutique.
 26593 | Orc:2    | Found Ychedden's Magic Scroll Emporium.
 26593 | Orc:2    | Found Diluki's Jewellery Shoppe.
 26596 | Orc:2    | Found Kemoewa's Jewellery Shop.
 26704 | Orc:2    | Found a staircase to the Elven Halls.
 26878 | Orc:2    | Found Oreud's Jewellery Emporium.
 26881 | Orc:2    | XOM: give mutations
 26881 | Orc:2    | Lost mutation: Your mind is acute. (Int +4, Str/Dex -1)
                  | [Xom's mischief]
 26881 | Orc:2    | Lost mutation: You have a pair of horns on your head.
                  | [Xom's mischief]
 26881 | Orc:2    | Lost mutation: You have a beak for a mouth. [Xom's
                  | mischief]
 27081 | Orc:2    | XOM: god gift: scroll of vulnerability
 27289 | Orc:1    | XOM: noise
 27529 | D:11     | XOM: silly message
 27553 | D:11     | XOM: polymorph killer bee -> shapeshifter
 27557 | D:11     | XOM: confuse monster(s)
 28397 | D:12     | XOM: torment (74/153 hp)
 28398 | D:12     | XOM: silly message
 28763 | D:12     | XOM: 5-stop teleportation journey
 28866 | D:12     | Reached XP level 15. HP: 127/160 MP: 9/15
 28999 | D:12     | Noticed Erolcha
 29024 | D:12     | XOM: cast spell 'Olgreb's Toxic Radiance'
 29026 | D:12     | Killed Erolcha
 29046 | D:12     | XOM: 5-stop teleportation journey
 29296 | D:12     | Noticed Fannar
 29302 | D:12     | XOM: scenery: 1 doors open, 1 doors close
 29313 | D:12     | XOM: fog
 29318 | D:12     | Killed Fannar
 29332 | D:12     | Gained mutation: You have a pair of horns on your head.
                  | [hidden potential]
 29332 | D:12     | Lost mutation: You have hidden genetic potential. [hidden
                  | potential expressed]
 29438 | D:12     | Found a broken altar of Ashenzari.
 29592 | D:13     | XOM: noise
 29953 | D:13     | XOM: enchant monster (bad)
 30229 | D:13     | Reached skill level 10 in Throwing
 30241 | D:13     | Learned a level 3 spell: Lesser Beckoning
 30247 | D:13     | Learned a level 5 spell: Manifold Assault
 30581 | D:13     | XOM is BORED!
 30581 | D:13     | XOM: give mutations
 30581 | D:13     | Lost mutation: You are covered in fur. (AC +1) [Xom's
                  | mischief]
 30581 | D:13     | Lost mutation: You expend magic power (3 MP) to strengthen
                  | your wands. [Xom's mischief]
 30581 | D:13     | Lost mutation: Your flesh is very cold resistant. (rC++)
                  | [Xom's mischief]
 30751 | D:13     | XOM: enchant monster (bad)
 30765 | D:13     | Reached skill level 5 in Translocations
 31267 | D:14     | Noticed Jorgrun
 31448 | D:14     | XOM: god gift: club {god gift}
 31468 | D:14     | XOM: 1-stop teleportation journey
 31593 | D:14     | XOM: enchant monster (good)
 31614 | D:14     | XOM: destruction
 31629 | D:14     | XOM: fog
 31683 | D:14     | Noticed Louise
 31688 | D:14     | Identified the +0 robe of Wicufun {Rampage rElec rPois
                  | rC++}
 31778 | D:14     | Killed Louise
 31786 | D:14     | XOM: potion effect (invisibility)
 31912 | D:14     | Found a sacrificial altar of Ru.
 32099 | D:14     | XOM: god gift: scroll of blinking
 32342 | D:14     | XOM: silly message
 32361 | D:14     | Killed Jorgrun
 32362 | D:14     | Reached skill level 15 in Polearms
 32728 | D:14     | Found a gate to the Vaults.
 32820 | D:14     | XOM: cloud trail
 32924 | D:15     | Entered Level 15 of the Dungeon
 32973 | D:15     | Found a stormy altar of Qazlal.
 33010 | D:15     | XOM: summons friendly quasit
 33340 | D:15     | XOM: noise
 33370 | D:15     | XOM: scenery: 1 doors open
 33558 | D:15     | XOM: divination: detect items
 33642 | D:15     | XOM: give mutations
 33642 | D:15     | Gained mutation: Your movements are less encumbered by
                  | armour. (ER -4) [Xom's grace]
 33642 | D:15     | Gained mutation: You are agile. (Dex +4, Str/Int -1) [Xom's
                  | grace]
 33677 | D:15     | XOM: scenery: create altars
 33708 | D:15     | XOM: scenery: 1 doors close
 33746 | D:15     | Found a staircase to the Depths.
 33753 | D:15     | XOM: summons 4 friendly demons
 33984 | D:15     | XOM: enchant monster (good)
 33990 | D:15     | Reached XP level 16. HP: 163/170 MP: 5/16
 34493 | D:15     | XOM: give mutations
 34493 | D:15     | Gained mutation: You are somewhat resistant to further
                  | mutation. [Xom's grace]
 34493 | D:15     | Gained mutation: You are partially covered in iridescent
                  | scales. (AC +2) [Xom's grace]
 34493 | D:15     | Gained mutation: You have a moderately thin skeletal
                  | structure. (Dex +4, Stealth++) [Xom's grace]
 34493 | D:15     | Gained mutation: You are somewhat resistant to both further
                  | mutation and mutation removal. [Xom's grace]
 34796 | Shoals:1 | Entered Level 1 of the Shoals
 34979 | Shoals:1 | XOM: 1-stop teleportation journey
 35043 | Shoals:1 | XOM: give mutations
 35043 | Shoals:1 | Gained mutation: You are extremely robust. (+30% HP) [Xom's
                  | grace]
 35043 | Shoals:1 | Gained mutation: Your mind is acute. (Int +4, Str/Dex -1)
                  | [Xom's grace]
 35212 | Shoals:1 | XOM: fog
 35307 | Shoals:1 | XOM: 2-stop teleportation journey
 35678 | Shoals:1 | XOM: give mutations
 35678 | Shoals:1 | Gained mutation: You have supernaturally acute eyesight.
                  | (SInv) [Xom's grace]
 35678 | Shoals:1 | Gained mutation: Your skin changes colour to match your
                  | surroundings (Stealth+). [Xom's grace]
 35767 | Shoals:1 | Reached skill level 15 in Dodging
 36406 | Shoals:2 | Noticed Polyphemus
 36419 | Shoals:2 | XOM: god gift: Esehos's Anthology of Assistive Enchantment
                  | {god gift}
 36420 | Shoals:2 | Got Esehos's Anthology of Assistive Enchantment {god gift}
 36453 | Shoals:2 | Found Hiopt's Weapon Boutique.
 36495 | Shoals:2 | XOM: give mutations
 36495 | Shoals:2 | Gained mutation: Your muscles are strong. (Str +4, Int/Dex
                  | -1) [Xom's grace]
 36495 | Shoals:2 | Lost mutation: You are somewhat resistant to both further
                  | mutation and mutation removal. [Xom's grace]
 36495 | Shoals:2 | Lost mutation: You are somewhat resistant to further
                  | mutation. [Xom's grace]
 36495 | Shoals:2 | Gained mutation: You have hidden genetic potential. [Xom's
                  | grace]
 36495 | Shoals:2 | Gained mutation: You have a pair of large horns on your
                  | head. [Xom's grace]
 36495 | Shoals:2 | Gained mutation: You have sharp fingernails. [Xom's grace]
 36546 | Shoals:2 | XOM: enchant monster (good)
 36550 | Shoals:2 | XOM: fake destruction
 36627 | Shoals:2 | XOM: 2-stop teleportation journey
 36801 | Shoals:1 | XOM: give mutations
 36801 | Shoals:1 | Lost mutation: Your mind is acute. (Int +4, Str/Dex -1)
                  | [Xom's mischief]
 36801 | Shoals:1 | Lost mutation: Your spells are a little harder to cast, but
                  | a little more powerful. [Xom's mischief]
 36801 | Shoals:1 | Lost mutation: You have supernaturally acute eyesight.
                  | (SInv) [Xom's mischief]
 36801 | Shoals:1 | Lost mutation: You occasionally lose the ability to read
                  | scrolls when taking damage. [Xom's mischief]
 36816 | Shoals:2 | XOM: 1-stop teleportation journey
 36824 | Shoals:2 | XOM: cloud trail
 37071 | Shoals:2 | XOM: destruction
 37082 | Shoals:2 | XOM: give mutations
 37082 | Shoals:2 | Gained mutation: You are mostly covered in iridescent
                  | scales. (AC +4) [Xom's grace]
 37082 | Shoals:2 | Gained mutation: Your flesh is heat resistant. (rF+) [Xom's
                  | grace]
 37618 | Shoals:3 | XOM: summons friendly iron imp
 37685 | Shoals:3 | XOM: noise
 37692 | Shoals:3 | XOM: blink monster(s)
 37914 | Shoals:3 | XOM: summons 8 friendly demons
 38334 | Shoals:3 | Found a runed translucent door.
 38506 | Shoals:3 | Found Mupsean's Visitors' Centre.
 38905 | Shoals:3 | XOM: god gift: whip {god gift}
 38923 | Shoals:3 | Found Mupsean's Merfolk Weapons.
 38923 | Shoals:3 | Found Mupsean's Merfolk Armours.
 39160 | Shoals:3 | XOM: god gift: datura-tipped dart
 39625 | Shoals:4 | Entered Level 4 of the Shoals
 39852 | Shoals:4 | Noticed a sphinx
 39852 | Shoals:4 | Found the +10 morningstar "Eos" {elec, Halo rElec}
 39852 | Shoals:4 | Noticed a sphinx
 39852 | Shoals:4 | Noticed a sphinx
 39852 | Shoals:4 | XOM: 9-stop teleportation journey
 39879 | Shoals:4 | Noticed a kraken
 39883 | Shoals:4 | Killed a sphinx
 39887 | Shoals:4 | Killed a sphinx
 39901 | Shoals:4 | Killed a kraken
 40240 | Shoals:4 | XOM: scenery: summon butterflies
 40255 | Shoals:4 | Noticed a kraken
 40266 | Shoals:4 | XOM: potion effect (curing)
 40279 | Shoals:4 | Killed a kraken
 40316 | Shoals:4 | Noticed a sphinx
 40322 | Shoals:4 | Identified the +6 halberd of Debuk {drain, rN+ Int-5
                  | Stlth+}
 40373 | Shoals:4 | Reached XP level 17. HP: 90/192 MP: 0/17
 40443 | Shoals:4 | XOM: stat loss: -1 Dex (21/22)
 40712 | Shoals:4 | XOM: confuse monster(s)
 40754 | Shoals:4 | XOM: give mutations
 40754 | Shoals:4 | Gained mutation: Your mind is acute. (Int +4, Str/Dex -1)
                  | [Xom's grace]
 40754 | Shoals:4 | Gained mutation: Your movements are significantly less
                  | encumbered by armour. (ER -6) [Xom's grace]
 40755 | Shoals:4 | Killed a sphinx
 40813 | Shoals:4 | XOM: enchant monster (good)
 40986 | Shoals:3 | XOM: god gift: runed great sword {god gift}
 41206 | Shoals:4 | XOM: 1-stop teleportation journey
 41281 | Shoals:4 | XOM: god gift: 925 gold pieces
 41301 | Shoals:4 | Killed a sphinx
 41301 | Shoals:4 | XOM: god gift: scroll of torment
 41307 | Shoals:4 | Gained mutation: Your flesh is very cold resistant. (rC++)
                  | [hidden potential]
 41453 | Shoals:4 | XOM: enchant monster (good)
 41630 | Shoals:4 | XOM: scenery: summon butterflies
 41975 | Shoals:4 | XOM: summons friendly crimson imp
 42362 | Shoals:4 | Got a barnacled rune of Zot
 42543 | Shoals:2 | XOM: divination: detect creatures
 42544 | Shoals:2 | XOM: chaos cloud
 42551 | Shoals:2 | XOM: swap monsters
 42555 | Shoals:2 | Killed Polyphemus
 42556 | Shoals:2 | XOM: silly message
 42854 | Snake:1  | Entered Level 1 of the Snake Pit
 42857 | Snake:1  | XOM: cast spell 'Summon Ice Beast'
 43044 | Snake:1  | Found Amipn's Jewellery Boutique.
 43044 | Snake:1  | Found Avakonol's Book Emporium.
 43045 | Snake:1  | Found Jeykes's Book Emporium.
 43060 | Snake:1  | Bought a manual of Stealth for 1440 gold pieces
 43079 | Snake:1  | XOM: swap monsters
 43081 | Snake:1  | Reached skill level 1 in Stealth
 43219 | Snake:1  | XOM is BORED!
 43219 | Snake:1  | XOM: summons 1 hostile demon
 43506 | Snake:1  | Reached skill level 5 in Stealth
 43565 | Snake:1  | Got the Dissertation on Transforming Excavation
 43718 | Snake:1  | XOM: silly message
 43922 | Snake:2  | XOM: silly message
 43938 | Snake:2  | XOM: silly message
 43974 | Snake:2  | Noticed Asterion
 43986 | Snake:2  | XOM: cloud trail
 44523 | Snake:2  | Noticed Roxanne
 44526 | Snake:2  | XOM: 1-stop teleportation journey
 44662 | Snake:2  | Reached skill level 10 in Stealth
 44919 | Snake:2  | XOM: give mutation
 44919 | Snake:2  | Gained mutation: You are completely covered in iridescent
                  | scales. (AC +6) [Xom's grace]
 44953 | Snake:2  | Noticed Vashnia
 44953 | Snake:2  | XOM: scenery: summon butterflies
 44959 | Snake:2  | XOM: polymorph butterfly -> gnoll
 44984 | Snake:2  | XOM: destruction
 44991 | Snake:2  | Killed Vashnia
 44996 | Snake:2  | XOM: confuse monster(s)
 45173 | Snake:1  | XOM: silly message
 45375 | Snake:2  | XOM: summons 4 friendly demons
 45379 | Snake:2  | XOM: enchant monster (good)
 45387 | Snake:2  | Killed Asterion
 45388 | Snake:2  | Reached XP level 18. HP: 199/201 MP: 13/18
 45597 | Snake:2  | Found Hushrerao's Superior Scales.
 45992 | Snake:3  | XOM: scenery: summon butterflies
 46500 | Snake:3  | Reached skill level 15 in Stealth
 46855 | Snake:3  | Gained mutation: You are covered in fur. (AC +1) [hidden
                  | potential]
 46855 | Snake:3  | Lost mutation: You have hidden genetic potential. [hidden
                  | potential expressed]
 46882 | Snake:4  | Entered Level 4 of the Snake Pit
 47573 | Snake:4  | XOM: potion effect (magic)
 47599 | Snake:4  | XOM: divination: detect items
 47606 | Snake:4  | XOM: divination: detect creatures
 47608 | Snake:4  | XOM: divination: magic mapping
 47610 | Snake:4  | XOM: silly message
 47614 | Snake:4  | Reached skill level 10 in Armour
 47824 | Snake:4  | XOM: scenery: create altars
 47877 | Snake:4  | XOM: swap monsters
 48221 | Snake:4  | XOM: summons 2 friendly demons
 48224 | Snake:4  | XOM: scenery: create altars
 48232 | Snake:4  | XOM: cast spell 'Monstrous Menagerie'
 48472 | Snake:4  | XOM: divination: magic mapping
 48479 | Snake:4  | XOM: swap monsters
 48559 | Snake:4  | XOM: divine lightning
 48562 | Snake:4  | XOM: cast spell 'Summon Cactus Giant'
 48600 | Snake:4  | XOM: summons friendly ufetubus
 48604 | Snake:4  | XOM: summons 7 friendly demons
 48950 | Snake:4  | XOM: confuse monster(s)
 49077 | Snake:4  | XOM: enchant monster (bad)
 49182 | Snake:4  | Got a serpentine rune of Zot
 49525 | Depths:1 | Entered Level 1 of the Depths
 49549 | Depths:1 | Noticed a lich
 49709 | Depths:1 | Reached XP level 19. HP: 66/209 MP: 7/19
 50069 | Depths:1 | XOM: summons 10 hostile demons
 50204 | Vaults:1 | Entered Level 1 of the Vaults
 50422 | Vaults:1 | XOM: cast spell 'Summon Mana Viper'
 50423 | Vaults:1 | Paralysed by a great orb of eyes for 3 turns
 50502 | D:14     | XOM: cloud trail
 50770 | D:14     | XOM: silly message
 50820 | D:14     | XOM: silly message
 50954 | D:14     | XOM: give mutations
 50954 | D:14     | Lost mutation: You have a moderately thin skeletal
                  | structure. (Dex +4, Stealth++) [Xom's mischief]
 50954 | D:14     | Lost mutation: Your movements are significantly less
                  | encumbered by armour. (ER -6) [Xom's mischief]
 51068 | D:14     | XOM: stat loss: -1 Str (19/20)
 51259 | D:14     | XOM: torment (104/209 hp)
 51453 | D:14     | XOM: torment (105/209 hp)
 51670 | D:14     | XOM: give mutations
 51670 | D:14     | Lost mutation: Armour fits poorly on your strangely shaped
                  | body. [Xom's mischief]
 51670 | D:14     | Lost mutation: Your skin changes colour to match your
                  | surroundings (Stealth+). [Xom's mischief]
 51670 | D:14     | Lost mutation: You are completely covered in iridescent
                  | scales. (AC +6) [Xom's mischief]
 51670 | D:14     | Lost mutation: You have a somewhat thin skeletal structure.
                  | (Dex +2, Stealth+) [Xom's mischief]
 51696 | Vaults:1 | XOM: give mutations
 51696 | Vaults:1 | Lost mutation: You are extremely robust. (+30% HP) [Xom's
                  | mischief]
 51696 | Vaults:1 | Lost mutation: Your movements are less encumbered by
                  | armour. (ER -4) [Xom's mischief]
 51696 | Vaults:1 | Lost mutation: Your flesh is very cold resistant. (rC++)
                  | [Xom's mischief]
 51696 | Vaults:1 | Lost mutation: You possess an exceptional clarity of mind.
                  | [Xom's mischief]
 51697 | Abyss:3  | Cast into level 3 of the Abyss (vault warden)
 51817 | Abyss:3  | Noticed a dread lich
 51820 | Abyss:3  | XOM: summons 6 friendly demons
 51835 | Abyss:3  | XOM: cast spell 'Death Channel'
 51839 | Abyss:3  | Killed a dread lich
 51862 | Abyss:3  | XOM: confuse monster(s)
 51933 | Abyss:3  | XOM: scenery: create altars
 51988 | Abyss:3  | XOM: cleaving
 51989 | Abyss:3  | Found a shimmering altar of Xom.
 51989 | Abyss:3  | Found a shimmering altar of Xom.
 52002 | Abyss:3  | Found a shimmering altar of Xom.
 52053 | Abyss:3  | XOM: fog
 52235 | Abyss:3  | XOM: destruction
 52249 | Abyss:3  | XOM: enchant monster (good)
 52272 | Abyss:3  | XOM: confuse monster(s)
 52300 | Abyss:3  | XOM: cast spell 'Summon Ice Beast'
 52301 | Abyss:3  | XOM: fog
 52308 | Abyss:3  | XOM: enchant monster (good)
 52330 | Vaults:1 | Escaped the Abyss
 52369 | Vaults:1 | XOM: 1-stop teleportation journey
 52549 | Vaults:1 | XOM: god gift: book of Storms
 52864 | Vaults:1 | Identified the +5 buckler of Weightlessness {rC+}
 53106 | Vaults:1 | XOM: scenery: create altars
 53249 | Vaults:1 | Identified the +10 longbow of Slime {flame, rF+++ rC- MP-9
                  | Dex+4}
 53262 | Vaults:1 | XOM: 1-stop teleportation journey
 53392 | Vaults:1 | XOM: enchant monster (bad)
 53584 | Vaults:1 | XOM: divine lightning
 53690 | Vaults:1 | XOM: torment (49/193 hp)
 54480 | Vaults:1 | XOM: noise
 54530 | Vaults:1 | XOM: swap monsters
 55016 | Vaults:1 | XOM: enchant monster (bad)
 55242 | Vaults:1 | XOM: 10-stop teleportation journey
 55340 | Vaults:1 | XOM: summons 2 hostile shadow creatures
 55769 | Vaults:2 | XOM: 4-stop teleportation journey
 55786 | Vaults:2 | XOM: noise
 55823 | Vaults:2 | XOM: 3-stop teleportation journey
 56359 | Vaults:2 | XOM: confusion
 56381 | Vaults:2 | XOM: confusion
 56385 | Vaults:2 | XOM: give mutation
 56385 | Vaults:2 | Lost mutation: You are covered in fur. (AC +1) [Xom's
                  | mischief]
 56386 | Vaults:2 | Reached XP level 20. HP: 35/202 MP: 0/20
 56389 | Vaults:2 | HP: 8/202 [yaktaur/bolt (28)]
 56481 | Vaults:2 | XOM: 3-stop teleportation journey
 57004 | Vaults:2 | XOM: enchant monster (bad)
 57316 | Vaults:2 | XOM: summons 4 hostile shadow creatures
 57510 | Vaults:2 | Found Ciaph's Weapon Shoppe.
 58044 | Vaults:3 | XOM: chaos cloud
 58047 | Vaults:3 | XOM: smoke on damage
 58079 | Vaults:3 | XOM: confuse monster(s)
 58114 | Vaults:3 | XOM: 1-stop teleportation journey
 58203 | Vaults:3 | XOM: summons friendly quasit
 58225 | Vaults:3 | XOM: summons 2 friendly demons
 58310 | Vaults:3 | Found a magical portal.
 58315 | WizLab   | Entered Doroklohe's Tomb
 59009 | WizLab   | Noticed a dread lich
 59147 | WizLab   | Killed a dread lich
 59217 | WizLab   | XOM: stat loss: -1 Dex (16/17)
 59345 | WizLab   | Identified the ring of the Lost Mauling Beds {rF+ rN++
                  | Str+4}
 59403 | WizLab   | XOM: confusion
 59409 | WizLab   | XOM: confuse monster(s)
 59564 | WizLab   | XOM: scenery: summon butterflies
 59806 | Vaults:3 | XOM: cast spell 'Cause Fear'
 59837 | Vaults:3 | XOM: god gift: scimitar {god gift}
 59939 | Vaults:3 | XOM: summons 7 friendly demons
 59941 | Vaults:3 | XOM: fog
 60374 | Vaults:3 | XOM: 9-stop teleportation journey
 60384 | Vaults:3 | Found a staircase to the Crypt.
 60430 | Vaults:3 | XOM: confuse monster(s)
 60853 | Vaults:3 | XOM: confusion
 61188 | Vaults:3 | XOM: silly message
 61361 | Vaults:3 | XOM: silly message
 61426 | Vaults:3 | XOM: noise
 61960 | Vaults:4 | XOM: scenery: 1 doors close
 62003 | Vaults:4 | XOM: potion effect (might)
 62281 | Vaults:4 | Identified the ring of the Stag {Fly Str+3}
 62352 | Vaults:4 | Reached skill level 10 in Translocations
 62553 | Vaults:4 | Reached XP level 21. HP: 203/210 MP: 10/21
 62807 | Vaults:4 | XOM: potion effect (haste)
 62817 | Vaults:4 | XOM: potion effect (haste)
 62924 | Vaults:4 | XOM: silly message
 63142 | Vaults:4 | XOM: cast spell 'Monstrous Menagerie'
 63283 | Vaults:4 | Found Ykhet's Magic Scroll Shoppe.
 63296 | Vaults:4 | Bought a scroll of teleportation for 48 gold pieces
 63296 | Vaults:4 | Bought a scroll of fear for 64 gold pieces
 63296 | Vaults:4 | Bought a scroll of butterflies for 64 gold pieces
 63296 | Vaults:4 | Bought a scroll of acquirement for 832 gold pieces
 63296 | Vaults:4 | Bought a scroll of magic mapping for 120 gold pieces
 63297 | Vaults:4 | Acquired a manual of Fighting
 63401 | Vaults:4 | XOM: confusion
 63416 | Vaults:4 | XOM: summons friendly iron imp
 63416 | Vaults:4 | Annihilated by an orc warlord

Illustrated notes

Levels and vault maps discovered:
D:1:      minmay_arrival_up_and_down, layout_loops_ring
D:2:      layout_basic, shapermc_ecumenical_altar_mp_vishouse,
          uniq_crazy_yiuf_cottage
D:3:      minmay_door_path, layout_basic, serial_shops, nicolae_shop_trees,
          shop_scrolls, shop, serial_bayou_lake_a
D:4:      layout_basic, trog_three_pillars_becter, grunt_ministairs_1
D:5:      layout_basic, minmay_strange_pillars
D:6:      layout_loops_ring, serial_shops, nicolae_shop_behind_doors,
          uniq_prince_ribbit1, uniq_menkaure, uniq_sigmund
D:7:      layout_loops_cross, minmay_temple_entry_oklob, uniq_duvessa,
          uniq_maggie
D:8:      wad_woods_settlement, layout_basic, gammafunk_temple_overflow_statue,
          lair_entry_dummy, enter_bailey_2, uniq_gastronok
D:9:      layout_basic, nemelex_altar_shiori
D:10:     layout_roguey, led_sif_pool, lemuel_mausoleum_altar_yredelemnul,
          nicolae_gozag_cash_rules_everything_around_me, hiddenorc2_lemuel,
          water_maze_lemuel
D:11:     layout_gridville
D:12:     layout_stronghold, nicolae_ashenzari_skybound, uniq_fannar,
          uniq_erolcha
D:13:     layout_loops_ring, minmay_crystal_room, lemuel_old_faithful
D:14:     layout_small_grid, skrybe_vaults_entry_preservation,
          nicolae_ru_sacrificial_ziggurat, uniq_jorgrun, uniq_louise
D:15:     grunt_enter_depths_snipers, layout_stronghold, nrook_pool_corridor,
          grunt_qazlal_sundering
Temple:   hellmonk_temple_of_storms
Lair:1:   layout_concentric_octagons, serial_bayou_shore_b, lemuel_fruit_tree,
          serial_bayou_shore_a, uniq_amaemon
Lair:2:   layout_concentric_octagons, infiniplex_staircase_pool_2, uniq_erica
Lair:3:   nzn_winding_woodlands_stair_trap
          [nzn_winding_woodlands_5x15_longhouse,
          nzn_winding_woodlands_5x15_default,
          nzn_winding_woodlands_5x15_sidewinder,
          nzn_winding_woodlands_15x15_thick_spiral,
          nzn_winding_woodlands_5x15_default,
          nzn_winding_woodlands_5x15_concentric,
          nzn_winding_woodlands_5x15_pockets], layout_cellular_growth,
          elwin_shoals_entry_rocks, guppyfry_snake_entry_garden, minivault_26,
          roderic_batcave, nicolae_lair_grazing_beasts
          [nicolae_sub_lair_graze_edge, nicolae_sub_lair_graze_edge,
          nicolae_sub_lair_graze_edge, nicolae_sub_lair_graze_edge]
Lair:4:   layout_cave_pods
Lair:5:   evil_forest, layout_loops_ring, slime_entry_1
Shoals:1: layout_shoals, nicolae_shoals_lost_giant_amphitheater
Shoals:2: layout_shoals, nicolae_shoals_c_island, uniq_polyphemus
Shoals:3: nicolae_shoals_mermall, layout_shoals, lightli_airlock
Shoals:4: shoals_end_hellmonk_lost_city, serial_shops
Snake:1:  layout_basic, minmay_shop_grove, serial_bayou_shore_b
Snake:2:  layout_chambers, hellmonk_scale_shop, grunt_megastairs_5,
          uniq_vashnia, uniq_roxanne, uniq_asterion
Snake:3:  layout_cave_town
Snake:4:  johnstein_snake_rune_scales, layout_onion,
          nicolae_snake_guarding_the_ruins
Orc:1:    cheibrodos_orc_bank, layout_diamond_mine, basic_altar
Orc:2:    st_orc_rangers, layout_diamond_mine, serial_shops, shop, shop, shop,
          mines2_david, uniq_azrael, uniq_donald
Vaults:1: nicolae_vaults_circle_grid_a, nicolae_vaults_bisected_slash,
          st_squares, ontoclasm_vaults_eye, v_misc_25, v_misc_31,
          nicolae_vaults_network_quincunx
          [nicolae_vaults_network_quincunx_subvault,
          nicolae_vaults_network_quincunx_subvault,
          nicolae_vaults_network_quincunx_subvault,
          nicolae_vaults_network_quincunx_subvault,
          nicolae_vaults_network_quincunx_subvault], vaults_mumra_chevron,
          hangedman_vaults_capsules, nicolae_vaults_little_squares_6,
          grunt_vaults_funnel, nicolae_vaults_diagonal_hallway_8,
          nicolae_vaults_alarming, vaults_dpeg_hooks, layout_vaults_big_cross,
          serial_shops, nicolae_shop_stone
Vaults:2: nicolae_vaults_little_squares_1, ontoclasm_vaults_gateway,
          vaults_room_corners, ontoclasm_vaults_loading_screen,
          nicolae_vaults_mini_display_case, dpeg_vaults_monster_box,
          nicolae_vaults_statue_guard, grunt_vaults_hallway_long,
          layout_vaults_quadrants, serial_shops, nicolae_shop_advertising_works
          [nicolae_subvault_shop_adworks]
Vaults:3: mu_enter_wizlab_1, nicolae_vaults_specimen_jars, v_misc_24,
          vaults_room_fours, vaults_room_large_hall, v_misc_29,
          minmay_crypt_entry_simple_sparse, nicolae_vaults_stairing_the_circle,
          ontoclasm_vaults_ring_small, v_misc_22, vaults_dpeg_encased_lava,
          hangedman_vaults_variations, dpeg_vaults_monster_row, v_misc_4,
          vaults_room_pools, layout_vaults_ring
Vaults:4: hangedman_vaults_snaps, v_misc_9, nicolae_vaults_what_the_h,
          vaults_room_stairs_pillars, hangedman_vaults_nails,
          hangedman_vaults_locks, ontoclasm_vaults_pinch, v_misc_19,
          special_room_vaults [special_room_orc], hangedman_vaults_maws,
          v_misc_13, ontoclasm_vaults_hangar, vaults_dpeg_ring,
          layout_vaults_maze_snakey, serial_shops, nicolae_lakefront_shop
Depths:1: layout_basic, kennysheep_pointless_box, pf_hell_entry_tar_spiral,
          chequers_serial_rivers_micro_e, hex_intersection, nicolae_titane

Skill      XL: |  1  2  3  4  5  6  7  8  9 10 11 12 13 14 15 16 17 18 19 20 21 |
---------------+----------------------------------------------------------------+-----
Fighting       | 4 5 6 8 15 17 | 17.8
Polearms       | 5 6 7 8 10 12 13 15 18 20 | 20.0
Throwing       | 3 4 5 7 8 10 13 | 13.8
Dodging        | 6 9 12 13 17 20 | 20.0
Evocations     | 5 7 8 11 12 13 | 13.1
Armour         | 6 7 12 | 12.0
Air Magic      | 3 6 |  6.2
Translocations | 4 6 7 10 | 10.0
Stealth        | 12 15 17 | 17.9

Action                   |  1- 3 |  4- 6 |  7- 9 | 10-12 | 13-15 | 16-18 | 19-21 || total
-------------------------+-------+-------+-------+-------+-------+-------+-------++-------
Melee: Spear             |   107 |   235 |   131 |       |       |       |       ||   473
       Punch             |       |     2 |     2 |       |     1 |       |       ||     5
       Trident           |       |       |   210 |     8 |    94 |       |       ||   312
       Tailslap          |       |       |     6 |     7 |     2 |    67 |       ||    82
       Halberd           |       |       |       |   693 |  1041 |  1275 |  1243 ||  4252
       Headbutt          |       |       |       |    10 |   240 |   227 |   332 ||   809
       Peck              |       |       |       |       |    40 |       |       ||    40
Throw: Dart              |       |     6 |    13 |    20 |    33 |       |       ||    72
       Javelin           |       |       |    19 |       |       |     2 |       ||    21
       Boomerang         |       |       |       |       |    11 |    25 |       ||    36
       Throwing net      |       |       |       |       |       |     1 |       ||     1
Evoke: Lightning rod     |       |       |       |     3 |     9 |    15 |     4 ||    31
       Wand              |       |       |       |       |    22 |     3 |       ||    25
       Condenser vane    |       |       |       |       |     3 |     2 |     2 ||     7
       Box of beasts     |       |       |       |       |     3 |     2 |       ||     5
  Use: Scroll            |       |     5 |     2 |    20 |     2 |     1 |     6 ||    36
       Potion            |       |       |     5 |     1 |     5 |     1 |    13 ||    25
 Stab: Sleeping          |     3 |       |       |    21 |    11 |    62 |    29 ||   126
       Invisible         |     2 |       |       |     4 |     3 |       |     3 ||    12
       Confused          |       |     3 |     1 |     1 |     4 |     5 |     6 ||    20
       Distracted        |       |       |     1 |     1 |     8 |    10 |     9 ||    29
       Petrified         |       |       |       |       |       |     4 |       ||     4
       Petrifying        |       |       |       |       |       |     1 |       ||     1
       Paralysed         |       |       |       |       |       |     1 |     2 ||     3
       Held in net/web   |       |       |       |       |       |     2 |       ||     2
Armor: Leather armour    |    30 |    47 |    92 |    38 |       |       |       ||   207
       Acid dragon scale |       |       |       |   151 |     1 |       |       ||   152
       Robe              |       |       |       |       |   155 |    79 |   195 ||   429
Dodge: Dodged            |    30 |    77 |   164 |   398 |   539 |   677 |   678 ||  2563
Block: Other             |    15 |    22 |    71 |   130 |   292 |   279 |   340 ||  1149
       Reflection        |       |     1 |     5 |     8 |    27 |    44 |    26 ||   111

Table legend: (Time is in decaauts)
 A = Elapsed time spent in this place.
 B = Non-inter-level travel time spent in this place.
 C = Inter-level travel time spent in this place.
 D = Time resting spent in this place.
 E = Time spent auto-exploring this place.
 F = Levels seen in this place.
 G = Mean time per level.
                   A        B        C        D        E       F      G
               +--------+--------+--------+--------+--------+-----+--------+
         Total |  61360 |  57524 |   3836 |  13818 |  29302 |  39 | 1573.3 |
       Dungeon |  22848 |  20698 |   2150 |   4508 |  10557 |  15 | 1523.2 |
        Temple |     71 |     64 |      7 |      0 |     53 |   1 |   71.0 |
          Lair |   8597 |   8012 |    585 |   1178 |   5310 |   5 | 1719.4 |
        Shoals |   6983 |   6737 |    246 |   2645 |   2475 |   4 | 1745.8 |
     Snake Pit |   6270 |   6046 |    224 |    973 |   3763 |   4 | 1567.5 |
  Orcish Mines |   3735 |   3580 |    155 |    969 |   1539 |   2 | 1867.5 |
        Vaults |   9661 |   9206 |    455 |   2212 |   5084 |   4 | 2415.2 |
        Depths |    601 |    591 |     10 |    321 |     15 |   1 |  601.0 |
         Abyss |    592 |    592 |      0 |      1 |    370 |   1 |  592.0 |
        Bailey |    600 |    600 |      0 |    211 |      0 |   1 |  600.0 |
        Wizlab |   1400 |   1400 |      0 |    798 |    133 |   1 | 1400.0 |
               +--------+--------+--------+--------+--------+-----+--------+

Top non-repeatable levels by time:
Vaults:1: 3846 daAuts
    D:14: 2962 daAuts
  Lair:5: 2653 daAuts
Vaults:3: 2396 daAuts
Shoals:3: 2326 daAuts
   Orc:2: 2211 daAuts
     D:8: 2175 daAuts
 Snake:4: 1983 daAuts
Vaults:2: 1963 daAuts
  Lair:3: 1948 daAuts
    D:10: 1813 daAuts
 Snake:2: 1741 daAuts
    D:15: 1700 daAuts
Shoals:4: 1697 daAuts
     D:6: 1632 daAuts
